 Dungeon Crawl Stone Soup version 0.30.1-3-gfc49f6343a (webtiles) character file.

Game seed: 6633706475321405412

12824 Babbit the Cleaver (level 11, 0/99 HPs)
             Began as a Minotaur Fighter on Aug 1, 2023.
             Was the Champion of Okawaru.
             Slain by an eight-headed hydra (4 damage)
             ... while petrified by a basilisk
             ... on level 3 of the Lair of Beasts on Aug 2, 2023.
             The game lasted 01:19:19 (11855 turns).

Babbit the Cleaver (Minotaur Fighter)              Turns: 11855, Time: 01:19:20

Health: 0/99       AC: 20    Str: 30    XL:     11   Next: 67%
Magic:  13/13      EV:  2    Int:  5    God:    Okawaru [******]
Gold:   700        SH:  0    Dex:  9    Spells: 10/10 levels left

rFire   . . .        p - +6 broad axe (elec)
rCold   + + .        c - +0 buckler
rNeg    + + +        D - +2 plate armour
rPois   ∞            (helmet restricted)
rElec   +            q - +2 cloak "Selabai" {Rampage rElec rC++ Dex-2}
rCorr   .            (no gloves)
SInv    +            (no boots)
Will    .....        m - amulet of regeneration Stlth
                     l - ring of see invisible
HPRegen 1.16/turn    A - +6 ring of strength
MPRegen 0.13/turn

%: rampage
@: petrified
A: horns 2, retaliatory headbutt
a: Renounce Religion, Heroism, Finesse, Duel


You were on level 3 of the Lair of Beasts.
You worshipped Okawaru.
Okawaru was exalted by your worship.
You visited 3 branches of the dungeon, and saw 12 of its levels.

You collected 700 gold pieces.

Inventory:

Hand Weapons
 a - a +3 war axe
 p - a +6 broad axe of electrocution (weapon)
Missiles
 y - 8 boomerangs (quivered)
 J - 8 throwing nets
 K - 20 poisoned darts
 O - 3 atropa-tipped darts
 P - 2 javelins
Armour
 c - a +0 buckler (worn)
 q - the +2 cloak "Selabai" (worn) {Rampage rElec rC++ Dex-2}
   (Okawaru gifted it to you on level 3 of the Lair of Beasts)

   Dex:       It affects your dexterity (-2).
   rC:        It greatly protects you from cold.
   rElec:     It insulates you from electricity.
   Rampage:   It bestows one free step when moving towards enemies.
 D - a +2 plate armour (worn)
Jewellery
 b - an amulet of guardian spirit
 e - an amulet of magic regeneration
 f - a ring of willpower
 k - a ring of fire
 l - a ring of see invisible (left hand)
 m - an amulet of regeneration (around neck)
 A - a +6 ring of strength (right hand)
 E - a +6 ring of intelligence
Wands
 r - a wand of mindburst (22)
 F - a wand of roots (8)
 L - a wand of polymorph (6)
Scrolls
 g - a scroll of magic mapping {unknown}
 i - a scroll of poison
 j - 2 scrolls of amnesia
 o - a scroll of noise {unknown}
 s - a scroll of fear
 t - a scroll of torment {unknown}
 u - a scroll of fog
 C - a scroll of identify
 M - a scroll of blinking {unknown}
 N - a scroll of acquirement {unknown}
Potions
 d - 2 potions of might
 h - 2 potions of flight
 n - a potion of magic
 v - 2 potions of mutation
 w - a potion of resistance
 x - a potion of haste
 z - a potion of cancellation
 G - 3 potions of curing
 H - a potion of degeneration {unknown}
 I - a potion of invisibility


   Skills:
 + Level 10.0 Fighting
 * Level 13.2 Axes
 - Level 5.0 Throwing
 + Level 10.0 Armour
 + Level 10.2 Shields
 - Level 5.0 Invocations


You had 10 spell levels left.
You didn't know any spells.
Your spell library contained the following spells:

 Spells                   Type           Power      Damage    Failure   Level
 Lesser Beckoning         Tloc           0%         N/A       100%        2
 Gell's Gravitas          Tloc           0%         N/A       100%        3
 Teleport Other           Tloc           0%         N/A       100%        3
 Petrify                  Tmut/Erth      0%         N/A       100%        4
 Metabolic Englaciation   Hex/Ice        0%         N/A       100%        5
 Statue Form              Tmut/Erth      0%         N/A       100%        6


Dungeon Overview and Level Annotations

Branches:
Dungeon (8/15)             Temple (1/1) D:4            Lair (3/5) D:8
  Swamp: Lair:2-3    Shoals: Lair:2-3     Snake: Lair:2-3    Spider: Lair:2-3

Altars:
Ashenzari
Cheibriados
Dithmenos
Elyvilon
Fedhas
Gozag
Hepliaklqana
Kikubaaqudgha
Nemelex Xobeh
Okawaru
Qazlal
Ru
Sif Muna
Trog
Uskayaw
Vehumet
Wu Jian
Xom
Yredelemnul
Zin
The Shining One

Shops:
D:7 =


Innate Abilities, Weirdness & Mutations

You have a pair of horns on your head.
You reflexively headbutt those who attack you in melee.


Message History

The electric eel shoots out a bolt of lightning at you!
The bolt of electricity hits you. You resist.
The electric eel shoots out a bolt of lightning at you!
The bolt of electricity hits you. You resist.
* * * LOW HITPOINT WARNING * * *
The eight-headed hydra bites you!
* * * LOW HITPOINT WARNING * * *
The eight-headed hydra bites you.
* * * LOW HITPOINT WARNING * * *
The eight-headed hydra bites you.
* * * LOW HITPOINT WARNING * * *
The eight-headed hydra bites you.
The eight-headed hydra barely misses you.
The eight-headed hydra bites you but does no damage. x2
The eight-headed hydra bites you!
* * * LOW HITPOINT WARNING * * *
The electric eel shoots out a bolt of lightning at you!
The bolt of electricity hits you. You resist.
* * * LOW HITPOINT WARNING * * *
The eight-headed hydra bites you but does no damage. x3
The eight-headed hydra bites you.
* * * LOW HITPOINT WARNING * * *
The eight-headed hydra bites you but does no damage. x4
The electric eel shoots out a bolt of lightning at you!
The bolt of electricity hits you. You resist.
The eight-headed hydra bites you but does no damage.
The eight-headed hydra bites you.
* * * LOW HITPOINT WARNING * * *
The eight-headed hydra completely misses you.
The eight-headed hydra bites you.
* * * LOW HITPOINT WARNING * * *
The eight-headed hydra bites you but does no damage.
The eight-headed hydra barely misses you.
The eight-headed hydra bites you but does no damage. x2
The electric eel shoots out a bolt of lightning at you!
The bolt of electricity hits you but does no damage.
You resist.
The eight-headed hydra bites you but does no damage. x3
The eight-headed hydra bites you!
You die...

... ...... .#........#
#......P..##
#......P...#
#.#...#....#
#.....#...## ##
####...#...#.#.#
#P###.##...#P@....#
#.##........†..D...#...#
...............l........
........................
........................
##.......#..............
#.##...###......S.SP...
.. .....# #......~~~~..~
. ....... .......~P~~~~


You could see an eight-headed hydra, a basilisk and 2 electric eels.

Vanquished Creatures
  The ghost of spardeous the Conjurer, a novice DgCj (D:6)
  2 black mambas (Lair:2)
  A cane toad (Lair:2)
  A komodo dragon (Lair:1)
  A rime drake (Lair:2)
  Grinder (D:5)
  7 blink frogs (Lair:2)
  Prince Ribbit (D:8)
  A wyvern (Lair:3)
  25 yaks
  2 steam dragons
  6 water moccasins
  2 sky beasts
  2 orc warriors
  6 black bears
  2 ogres (D:5)
  5 wolves
  A centaur (D:6)
  A phantom (D:6)
  A kobold brigand (D:8)
  5 scorpions
  4 gnoll sergeants (D:8)
  9 bullfrogs
  3 wights (D:8)
  9 killer bees
  14 hounds
  3 gnoll boudas
  5 hell rats (Lair:2)
  An orc priest (D:8)
  An iguana (D:6)
  Natasha (twice) (D:4)
  5 orc wizards
  33 gnolls
  A river rat (D:6)
  9 adders
  A shadow imp (D:5)
  An ufetubus (D:6)
  4 worms
  A dart slug (D:5)
  28 orcs
  8 ball pythons
  7 bats
  3 endoplasms
  5 giant cockroaches
  5 goblins
  11 hobgoblins
  10 jackals
  11 kobolds
  4 quokkas
  3 frilled lizards (D:1)
  3 rats (D:1)
278 creatures vanquished.

Notes
Turn   | Place    | Note
-------+----------+-------------------------------------------
     0 | D:1      | Babbit the Minotaur Fighter began the quest for the Orb.
     0 | D:1      | Reached XP level 1. HP: 19/19 MP: 0/0
   189 | D:1      | Reached XP level 2. HP: 27/27 MP: 1/1
   258 | D:1      | Found a faded altar of an unknown god.
   297 | D:1      | Reached skill level 3 in Axes
   816 | D:1      | You fall into a shaft and drop 1 floor!
  1149 | D:2      | Reached XP level 3. HP: 26/33 MP: 2/2
  1528 | D:2      | Reached XP level 4. HP: 40/40 MP: 3/3
  2002 | D:3      | Reached skill level 4 in Axes
  2760 | D:4      | Reached XP level 5. HP: 47/47 MP: 4/4
  2958 | D:4      | Found a shadowy altar of Dithmenos.
  3091 | D:4      | Found a broken altar of Ashenzari.
  3153 | D:4      | Found a staircase to the Ecumenical Temple.
  3164 | Temple   | Entered the Ecumenical Temple
  3370 | Temple   | Became a worshipper of Warmaster Okawaru
  3419 | D:4      | Reached skill level 5 in Axes
  3419 | D:4      | Reached XP level 6. HP: 46/55 MP: 5/5
  3505 | D:4      | Noticed Natasha
  3516 | D:4      | Killed Natasha
  3646 | D:4      | Noticed Natasha
  3651 | D:4      | Killed Natasha
  3796 | D:5      | Entered Level 5 of the Dungeon
  3819 | D:5      | Found a white marble altar of Elyvilon.
  3910 | D:5      | Found a stormy altar of Qazlal.
  3911 | D:5      | Found a basalt altar of Yredelemnul.
  3971 | D:5      | Reached skill level 5 in Fighting
  3975 | D:5      | Reached skill level 5 in Shields
  3975 | D:5      | Reached skill level 1 in Invocations
  4098 | D:5      | Reached * piety under Okawaru
  4099 | D:5      | Reached skill level 1 in Throwing
  4099 | D:5      | Reached skill level 5 in Armour
  4172 | D:5      | Noticed Grinder
  4177 | D:5      | Reached XP level 7. HP: 42/61 MP: 5/7
  4179 | D:5      | Paralysed by Grinder for 5 turns
  4186 | D:5      | Killed Grinder
  4187 | D:5      | Reached skill level 6 in Axes
  4454 | D:5      | Reached ** piety under Okawaru
  4813 | D:5      | Reached XP level 8. HP: 61/70 MP: 8/8
  4822 | D:5      | Reached skill level 7 in Axes
  5877 | D:6      | Found a runed translucent door.
  5882 | D:6      | Noticed spardeous's ghost (novice DgCj)
  5901 | D:6      | Killed spardeous's ghost
  5901 | D:6      | Reached *** piety under Okawaru
  5902 | D:6      | Reached skill level 8 in Axes
  5902 | D:6      | Reached XP level 9. HP: 70/78 MP: 10/10
  5912 | D:6      | Found a runed translucent door.
  6126 | D:6      | Found a sacrificial altar of Ru.
  6210 | D:6      | Found a sparkling altar of Nemelex Xobeh.
  6443 | D:6      | Found a glowing silver altar of Zin.
  7021 | D:7      | Reached **** piety under Okawaru
  7025 | D:7      | Reached skill level 9 in Axes
  7577 | D:7      | Found Boiban's Jewellery Shoppe.
  7798 | D:8      | Found a staircase to the Lair.
  7832 | D:8      | Found a hide-covered altar of Uskayaw.
  8310 | D:8      | Noticed Prince Ribbit
  8322 | D:8      | Killed Prince Ribbit
  8335 | D:8      | Reached XP level 10. HP: 81/86 MP: 12/12
  8616 | D:8      | Reached skill level 10 in Axes
  8844 | D:8      | Reached skill level 5 in Invocations
  8893 | D:8      | Reached skill level 5 in Throwing
  8941 | D:8      | Reached ***** piety under Okawaru
  9564 | D:8      | Found a glowing golden altar of the Shining One.
  9832 | Lair:1   | Entered Level 1 of the Lair of Beasts
  9879 | Lair:1   | Reached skill level 11 in Axes
  9991 | Lair:1   | Received a gift from Okawaru
 10608 | Lair:1   | Reached XP level 11. HP: 61/97 MP: 13/13
 11023 | Lair:2   | Reached skill level 12 in Axes
 11265 | Lair:2   | Noticed a lindwurm
 11265 | Lair:2   | Noticed a lindwurm
 11322 | Lair:2   | Received a gift from Okawaru
 11548 | Lair:2   | Received a gift from Okawaru
 11549 | Lair:2   | Reached skill level 10 in Shields
 11658 | Lair:2   | Reached skill level 13 in Axes
 11681 | Lair:2   | Reached ****** piety under Okawaru
 11682 | Lair:2   | Reached skill level 10 in Fighting
 11682 | Lair:2   | Reached skill level 10 in Armour
 11767 | Lair:2   | Noticed a lindwurm
 11789 | Lair:2   | Noticed a lindwurm
 11817 | Lair:3   | Identified the +2 cloak "Selabai" {Rampage rElec rC++
                  | Dex-2} (Okawaru gifted it to you on level 3 of the Lair of
                  | Beasts)
 11817 | Lair:3   | Received a gift from Okawaru
 11831 | Lair:3   | Noticed a four-headed hydra
 11854 | Lair:3   | HP: 4/99 [eight-headed hydra (2)]
 11855 | Lair:3   | Slain by an eight-headed hydra

Illustrated notes

Levels and vault maps discovered:
D:1:      wheals_arrival_shading, layout_basic,
          hellmonk_ecumenical_altar_zigzags,
          wander_ebering_terrifying_dragon_lair
D:2:      layout_basic, serial_forest, infiniplex_forest_end_3,
          infiniplex_forest_clump_small, infiniplex_forest_lined_3_way,
          infiniplex_forest_clump_diagonal, infiniplex_forest_clump_large,
          infiniplex_forest_lined_room_2, infiniplex_forest_clump_large,
          infiniplex_forest_lined_1
D:3:      layout_basic
D:4:      layout_loops_cross, mainiacjoe_overflow_alcove_1,
          mainiacjoe_overflow_alcove_2, minmay_temple_entry_mist, uniq_natasha
D:5:      layout_loops_ring, lemuel_tele_altar,
          mainiacjoe_overflow_divided_tiny, st_stairs_8,
          dreamdust_princess_bridge, minivault_11, minmay_pentangle,
          uniq_grinder
D:6:      layout_basic, nicolae_overflow_hidden_temple, zin_academy,
          nemelex_xobeh_ov_fountains_minmay, ebering_ghost_sewer_f,
          nicolae_ossuary_entry_ruins
D:7:      layout_cave_pods, serial_shops, shop
D:8:      layout_cave_pools, general_overflow_altar,
          mainiacjoe_overflow_surrounded_room, lair_entry_dummy,
          serial_gnoll_camp, gnoll_camp_mini_house, gnoll_camp_medium_01,
          gnoll_camp_huts_basic, gnoll_camp_mini_doghouse,
          gnoll_camp_mini_doghouse, uniq_prince_ribbit1
Temple:   bh_familiar_temple
Lair:1:   layout_small_grid
Lair:2:   layout_roguey, minmay_lindwurm_lava, grunt_megastairs_2
Lair:3:   layout_gridlike, minmay_shoals_entry_hut,
          minmay_snake_entry_guardpost_small, serial_bayou_shore_a

Skill      XL: |  1  2  3  4  5  6  7  8  9 10 11 |
---------------+----------------------------------+-----
Axes           | 3 4 5 6 8 9 11 13 | 13.2
Fighting       | 4 5 6 7 9 10 | 10.0
Armour         | 4 5 6 7 9 10 | 10.0
Shields        | 4 5 6 7 9 10 | 10.2
Invocations    | 1 2 3 4 5 |  5.0
Throwing       | 1 2 3 4 5 |  5.0

Action                     |  1- 3 |  4- 6 |  7- 9 | 10-12 || total
---------------------------+-------+-------+-------+-------++-------
  Melee: War axe           |   134 |   126 |   281 |   137 ||   678
         Headbutt          |    30 |    15 |    52 |    45 ||   142
         Broad axe         |       |       |       |   108 ||   108
  Throw: Dart              |       |     3 |     7 |    14 ||    24
         Boomerang         |       |       |       |    19 ||    19
  Evoke: Wand              |       |       |       |     2 ||     2
    Use: Scroll            |     2 |     3 |     5 |    10 ||    20
         Potion            |       |       |     6 |     6 ||    12
 Armour: Scale mail        |    44 |    50 |    20 |       ||   114
         Plate armour      |       |       |   142 |   171 ||   313
  Dodge: Dodged            |    44 |    53 |   128 |    99 ||   324
  Block: Buckler           |    24 |    28 |    89 |    75 ||   216
